 Dungeon Crawl Stone Soup version 0.30.0-12-gd5a94ecb5d (webtiles) character file.

Game seed: 12677237636125294493

5499 chromat the Spear-Bearer (level 10, 0/78 HPs)
             Began as a Demonspawn Chaos Knight on May 15, 2023.
             Was a Plaything of Xom.
             Slain by a vampire (5 damage)
             ... on level 10 of the Dungeon on May 17, 2023.
             The game lasted 00:26:48 (8823 turns).

chromat the Spear-Bearer (Demonspawn Chaos Knight)  Turns: 8823, Time: 00:26:48

Health: 0/78       AC: 18    Str: 17    XL:     10   Next: 42%
Magic:  10/10      EV: 10    Int: 17    God:    Xom [*.....]
Gold:   152        SH:  0    Dex: 12    Spells: 9/9 levels left

rFire   . . .        k - +7 spear "Beetleslayer" {flame, Will+++ Int+4 Dex-3}
rCold   + + .        D - +1 buckler
rNeg    . . .        M - +6 scale mail "Qithrux" {rCorr}
rPois   +            (helmet restricted)
rElec   .            C - +2 cloak {rPois}
rCorr   +            j - +0 pair of gloves
SInv    .            (boots unavailable)
Will    +++..        v - amulet of faith
Stlth   x              - ring of protection from cold
HPRegen 0.33/turn    L - ring of protection from cold
MPRegen 0.24/turn

%: faith
@: confused, on berserk cooldown, slowed, very slow
A: hooves 3, rugged brown scales 1, magic regeneration, condensation shield,
horns 2, thin skeletal structure 1, clumsy 1, strong 1, MP-powered wands
a: Renounce Religion


You were on level 10 of the Dungeon.
You worshipped Xom.
You were a special plaything of Xom.
You visited 1 branch of the dungeon, and saw 10 of its levels.

You collected 614 gold pieces.
You spent 462 gold pieces at shops.

Inventory:

Hand Weapons
 a - a +1 falchion of chaos
 k - the +7 spear "Beetleslayer" (weapon) {flame, Will+++ Int+4 Dex-3}
   (You found it on level 2 of the Dungeon)

   Int:       It affects your intelligence (+4).
   Dex:       It affects your dexterity (-3).
   Will:      It greatly increases your willpower.
Missiles
 r - 2 throwing nets
Armour
 b - a +2 leather armour
 j - a +0 pair of gloves (worn)
 s - a +0 cloak
 C - a +2 cloak of poison resistance (worn)
 D - a +1 buckler (worn)
 M - the +6 scale mail "Qithrux" (worn) {rCorr}
   (You bought it in a shop on level 9 of the Dungeon)

   rCorr:     It protects you from acid and corrosion.
 N - the +1 cloak of Levity {rCorr Slay+2}
   (You bought it in a shop on level 9 of the Dungeon)

   Slay:      It affects your accuracy & damage with ranged weapons and melee
   (+2).
   rCorr:     It protects you from acid and corrosion.
Jewellery
 i - a ring of fire
 v - an amulet of faith (around neck)
 x - a ring of protection from cold (left hand)
 E - an amulet of regeneration
 K - a +6 ring of intelligence
 L - a ring of protection from cold (right hand)
Wands
 w - a wand of roots (2)
 y - a wand of mindburst (14)
 G - a wand of flame (13)
 H - a wand of polymorph (12)
 I - a wand of quicksilver (7)
Scrolls
 e - a scroll of magic mapping
 l - a scroll of summoning
 n - 3 scrolls of noise
 A - 4 scrolls of amnesia
 F - 2 scrolls of enchant weapon
 J - a scroll of blinking
Potions
 d - 7 potions of flight
 f - 2 potions of attraction
 g - a potion of heal wounds
 h - 5 potions of degeneration
 m - 7 potions of curing
 o - 4 potions of brilliance
 u - 2 potions of magic
 z - a potion of lignification {unknown}
 B - a potion of invisibility {unknown}
Miscellaneous
 c - a piece from Xom's chessboard (1/15) (quivered)


   Skills:
 + Level 6.1 Fighting
 * Level 7.8 Long Blades
 + Level 8.0 Polearms
 + Level 5.1 Armour
 + Level 4.4 Dodging
 + Level 4.0 Shields


You had 9 spell levels left.
You didn't know any spells.
Your spell library contained the following spells:

 Spells                   Type           Power      Damage    Failure   Level
 Necrotise                Necr           0%         1d4       67%         1
 Blink                    Tloc           0%         N/A       80%         2
 Cigotuvi's Dreadful Rot  Necr/Pois/Air  0%         N/A       80%         2
 Ensorcelled Hibernation  Hex/Ice        0%         N/A       80%         2
 Lesser Beckoning         Tloc           0%         N/A       80%         2
 Momentum Strike          Conj/Tloc      0%         3d8       80%         2
 Gell's Gravitas          Tloc           0%         N/A       95%         3
 Portal Projectile        Hex/Tloc       0%         N/A       95%         3
 Spider Form              Tmut/Pois      0%         N/A       95%         3
 Teleport Other           Tloc           0%         N/A       95%         3
 Tukima's Dance           Hex            0%         N/A       95%         3
 Vampiric Draining        Necr           0%         2d6       95%         3
 Anguish                  Hex/Necr       0%         N/A       100%        4
 Dispel Undead            Necr           0%         3d6       100%        4
 Agony                    Necr           0%         N/A       100%        5
 Blade Hands              Tmut           0%         N/A       100%        5
 Death Channel            Necr           0%         N/A       100%        6


Dungeon Overview and Level Annotations

Branches:
Dungeon (10/15)            Temple (0/1) D:5             Orc (0/2) D:10
   Lair: D:8-11

Altars:
Ashenzari
Dithmenos
Fedhas
Gozag
Okawaru
Sif Muna
Uskayaw
Yredelemnul

Shops:
D:9 [*


Innate Abilities, Weirdness & Mutations

You have hooves in place of feet.
You are partially covered in rugged brown scales. (AC +1, +3% HP)
You regenerate magic rapidly.
A meltable shield of frost defends you. (SH +4)
You have a pair of horns on your head.
You have a somewhat thin skeletal structure. (Dex +2, Stealth+)
You are clumsy. (Dex -2)
Your muscles are strong. (Str +4, Int/Dex -1)
You expend magic power (3 MP) to strengthen your wands.


Message History

You block the two-headed ogre's attack.
Unknown command.
You make a move on Xom's chessboard...
The two-headed ogre seems to speed up.
You hear Xom's avuncular chuckle.
The two-headed ogre seems to grow stronger.
You block the two-headed ogre's attack. x2
You make a move on Xom's chessboard...
The two-headed ogre easily resists.
The two-headed ogre hits you with a +0 giant spiked club!!
* * * LOW HITPOINT WARNING * * *
The two-headed ogre hits you with a +0 giant club!
* * * LOW HITPOINT WARNING * * *
Blink to where?
Press: ? - help, Q - select action, (/) - cycle Dir - move target
As you read the scroll of blinking, it crumbles to dust.
As you read the scroll of teleportation, it crumbles to dust.
You feel strangely unstable.
Your surroundings suddenly seem different.
A vampire comes into view.
The warg howls!
It was a potion of berserk rage.
A red film seems to cover your vision as you go berserk!
You feel yourself moving faster!
You feel mighty!
Xom roars with laughter!
You feel a strong urge to attack something.
Xom's power touches on your mind for a moment.
You are confused.
The vampire hits you but does no damage.
The vampire barely misses you.
You feel your anger nearly subside. The vampire hits you!
* * * LOW HITPOINT WARNING * * *
The vampire bites you.
* * * LOW HITPOINT WARNING * * *
The vampire draws strength from your injuries!
The warg closely misses you.
You are no longer berserk.
You are exhausted.
You feel yourself slow down. The vampire hits you.
You die...
Xom roars with laughter!

.......<...#...............#
............................
########################....
#............. .#####
#............. ......
#............. ......
#............. ......
#.....hV...... ....).
#.....@....... .)....
########...... ...... ....##
...... ....# ...... ...#
...... ..... ...... ....
...... ...... ......


You could see a vampire and a warg.

Vanquished Creatures
  A two-headed ogre (D:10)
  An unseen horror (D:10)
  A hornet (D:8)
  Grinder (D:5)
  5 slime creatures (D:8)
  A wyvern (D:6)
  A vampire (D:9)
  An acid dragon (D:9)
  A water moccasin (D:7)
  Duvessa (D:6)
  An ice beast (D:6)
  A black bear (D:3)
  2 centaurs
  2 phantoms (D:6)
  A scorpion (D:6)
  Dowan (D:6)
  9 wights
  11 killer bees
  5 electric eels (D:9)
  A howler monkey (D:7)
  2 orc priests
  3 jellies
  5 iguanas
  2 sleepcaps (D:5)
  Crazy Yiuf (D:6)
  A gnoll bouda (D:5)
  7 orc wizards
  8 gnolls
  7 adders
  A shadow imp (D:5)
  A white imp (D:5)
  An ufetubus (D:5)
  4 worms
  3 dart slugs
  16 orcs
  14 endoplasms
  A giant cockroach (D:4)
  12 goblins
  4 hobgoblins
  5 jackals
  3 quokkas
  9 ball pythons
  A bat (D:1)
  3 frilled lizards
  10 kobolds
  2 rats
174 creatures vanquished.

Vanquished Creatures (collateral kills)
  A killer bee (D:9)
  An orc priest (D:3)
  A gnoll bouda (D:6)
  2 orc wizards (D:5)
  2 gnolls (D:6)
  An adder (D:6)
  5 orcs
  A ball python (D:3)
  A hobgoblin (D:1)
  A kobold (D:1)
16 creatures vanquished.

Vanquished Creatures (others)
  A killer bee (D:9)
  A howler monkey (D:7)
  2 orcs (D:7)
  A hobgoblin (D:1)
5 creatures vanquished.

Grand Total: 195 creatures vanquished

Notes
Turn   | Place    | Note
-------+----------+-------------------------------------------
     0 | D:1      | chromat the Demonspawn Chaos Knight began the quest for the
                  | Orb.
     0 | D:1      | Reached XP level 1. HP: 18/18 MP: 1/1
   113 | D:1      | Gained mutation: A meltable shield of frost defends you.
                  | (SH +4) [demonic ancestry]
   113 | D:1      | Reached XP level 2. HP: 24/24 MP: 2/2
   310 | D:1      | Reached skill level 1 in Dodging
   473 | D:1      | Reached XP level 3. HP: 16/29 MP: 3/3
   579 | D:1      | XOM: silly message
  1140 | D:1      | XOM: divination: detect items
  1389 | D:2      | XOM: noise
  1526 | D:2      | XOM: silly message
  1706 | D:2      | Reached XP level 4. HP: 25/37 MP: 4/4
  1756 | D:2      | XOM: butterfly on damage
  1878 | D:2      | XOM: divination: magic mapping
  2018 | D:2      | Identified the +7 spear "Beetleslayer" {flame, Will+++
                  | Int+4 Dex-3}
  2026 | D:2      | XOM: 1-stop teleportation journey
  2259 | D:3      | XOM: divination: detect items
  2287 | D:3      | XOM: cast spell 'Summon Mana Viper'
  2301 | D:3      | Gained mutation: You have large cloven feet. [demonic
                  | ancestry]
  2301 | D:3      | Reached XP level 5. HP: 17/42 MP: 5/5
  2558 | D:3      | Noticed a black bear
  2561 | D:3      | XOM: enchant monster (bad)
  2563 | D:3      | Killed a black bear
  2564 | D:3      | Reached skill level 1 in Shields
  2564 | D:3      | Gained mutation: You are partially covered in rugged brown
                  | scales. (AC +1, +3% HP) [demonic ancestry]
  2564 | D:3      | Reached XP level 6. HP: 42/49 MP: 6/6
  2979 | D:4      | Found a basalt altar of Yredelemnul.
  2979 | D:4      | Found a broken altar of Ashenzari.
  3156 | D:4      | Reached skill level 1 in Polearms
  3275 | D:4      | Found a faded altar of an unknown god.
  3275 | D:4      | Found a shadowy altar of Dithmenos.
  3282 | D:4      | Found a blossoming altar of Fedhas.
  3284 | D:4      | Found a shimmering blue altar of Sif Muna.
  3341 | D:4      | Reached skill level 5 in Long Blades
  3647 | D:4      | Found an iron altar of Okawaru.
  3712 | D:5      | Entered Level 5 of the Dungeon
  3761 | D:5      | Reached skill level 2 in Polearms
  3761 | D:5      | Gained mutation: You regenerate magic rapidly. [demonic
                  | ancestry]
  3761 | D:5      | Reached XP level 7. HP: 37/55 MP: 7/7
  3998 | D:5      | Found a staircase to the Ecumenical Temple.
  4094 | D:5      | XOM: cast spell 'Call Canine Familiar'
  4238 | D:5      | Found a hide-covered altar of Uskayaw.
  4399 | D:5      | XOM: god gift: 6 stones
  4412 | D:6      | XOM: confuse monster(s)
  4417 | D:6      | Reached skill level 3 in Polearms
  4427 | D:6      | Noticed Duvessa
  4427 | D:6      | Noticed Dowan
  4433 | D:6      | Noticed Grinder
  4437 | D:6      | XOM: enchant monster (good)
  4442 | D:6      | XOM: blink monster(s)
  4531 | D:5      | XOM: cloud trail
  4646 | D:6      | XOM: confuse monster(s)
  4649 | D:6      | XOM: divination: magic mapping
  4710 | D:6      | XOM: summons friendly iron imp
  4713 | D:6      | XOM: confuse monster(s)
  4723 | D:6      | XOM: summons friendly crimson imp
  4737 | D:6      | XOM: confuse monster(s)
  4748 | D:5      | Killed Grinder
  4749 | D:5      | Reached skill level 4 in Polearms
  4749 | D:5      | Reached XP level 8. HP: 28/62 MP: 8/8
  4878 | D:6      | XOM: noise
  4883 | D:6      | XOM: summons friendly white imp
  4890 | D:6      | XOM: confuse monster(s)
  4897 | D:6      | Killed Duvessa
  4898 | D:6      | XOM: summons friendly quasit
  4917 | D:6      | Killed Dowan
  5033 | D:6      | XOM: chaos upgrade
  5078 | D:6      | XOM: destruction
  5123 | D:6      | XOM: cloud trail
  5140 | D:6      | Reached skill level 5 in Polearms
  5195 | D:6      | XOM: give mutations
  5195 | D:6      | Gained mutation: You passively dampen the noise of your
                  | surroundings. [Xom's grace]
  5195 | D:6      | Gained mutation: Your muscles are strong. (Str +4, Int/Dex
                  | -1) [Xom's grace]
  5195 | D:6      | Gained mutation: You expend magic power (3 MP) to
                  | strengthen your wands. [Xom's grace]
  5195 | D:6      | Gained mutation: You have a somewhat thin skeletal
                  | structure. (Dex +2, Stealth+) [Xom's grace]
  5224 | D:6      | a sky beast changed into a rime drake
  5224 | D:6      | Noticed a rime drake
  5229 | D:6      | a rime drake changed into a wyvern
  5231 | D:6      | Reached skill level 5 in Fighting
  5473 | D:6      | Found a runed translucent door.
  5473 | D:6      | Noticed Crazy Yiuf
  5480 | D:6      | Killed Crazy Yiuf
  5538 | D:7      | XOM: divine lightning
  5555 | D:7      | XOM: confuse monster(s)
  5568 | D:6      | Gained mutation: You have hoof-like feet. [demonic
                  | ancestry]
  5568 | D:6      | Reached XP level 9. HP: 16/62 MP: 9/9
  5869 | D:7      | XOM: silly message
  6207 | D:7      | XOM: scenery: summon butterflies
  6461 | D:8      | Reached skill level 6 in Polearms
  6503 | D:8      | XOM: cleaving
  6645 | D:8      | XOM: god gift: book of Spatial Translocations
  6700 | D:8      | XOM: noise
  6705 | D:8      | XOM: enchant monster (bad)
  6705 | D:8      | XOM: smoke on damage
  6705 | D:8      | Paralysed by a hornet for 1 turns
  6706 | D:8      | XOM: divination: magic mapping
  6711 | D:8      | Reached skill level 7 in Polearms
  6775 | D:8      | XOM: 1-stop teleportation journey
  7142 | D:8      | Found an opulent altar of Gozag.
  7229 | D:9      | XOM: enchant monster (good)
  7343 | D:9      | XOM: god gift: 46 gold pieces
  7564 | D:9      | XOM: summons friendly iron imp
  7566 | D:9      | Reached XP level 10. HP: 78/78 MP: 10/10
  7647 | D:9      | XOM: summons 4 hostile demons
  7739 | D:9      | XOM: 1-stop teleportation journey
  7770 | D:9      | Found Bysemn's Fire Supplies.
  7819 | D:9      | XOM: 2-stop teleportation journey
  7865 | D:9      | XOM: silly message
  7887 | D:9      | XOM: give mutations
  7887 | D:9      | Gained mutation: You have a pair of small horns on your
                  | head. [Xom's mischief]
  7887 | D:9      | Gained mutation: You have a pair of horns on your head.
                  | [Xom's mischief]
  7887 | D:9      | Lost mutation: You passively dampen the noise of your
                  | surroundings. [Xom's mischief]
  7887 | D:9      | Gained mutation: You are clumsy. (Dex -2) [Xom's mischief]
  7943 | D:9      | Found Rywajihua's Antique Armour Shop.
  8075 | D:9      | XOM: 3-stop teleportation journey
  8113 | D:9      | XOM: give mutation
  8113 | D:9      | Gained mutation: You have hooves in place of feet. [Xom's
                  | grace]
  8247 | D:9      | Bought a twisted scale mail for 225 gold pieces
  8247 | D:9      | Identified the +6 scale mail "Qithrux" {rCorr} (You bought
                  | it in a shop on level 9 of the Dungeon)
  8247 | D:9      | Bought a brightly glowing cloak for 237 gold pieces
  8247 | D:9      | Identified the +1 cloak of Levity {rCorr Slay+2} (You
                  | bought it in a shop on level 9 of the Dungeon)
  8367 | D:10     | Entered Level 10 of the Dungeon
  8370 | D:10     | Noticed Erolcha
  8372 | D:10     | Erolcha changed into something unseen
  8397 | D:10     | XOM: smoke on damage
  8404 | D:10     | Killed Erolcha the unseen horror
  8418 | D:10     | XOM: cloud trail
  8534 | D:10     | XOM: enchant monster (good)
  8555 | D:10     | Found a staircase to the Orcish Mines.
  8556 | D:10     | XOM: noise
  8558 | D:10     | XOM: swap monsters
  8565 | D:10     | XOM: noise
  8579 | D:10     | Noticed a two-headed ogre
  8583 | D:10     | XOM: swap monsters
  8585 | D:10     | XOM: enchant monster (bad)
  8587 | D:10     | Killed a two-headed ogre
  8588 | D:10     | Reached skill level 8 in Polearms
  8588 | D:10     | Reached skill level 5 in Armour
  8791 | D:10     | Upgraded the game from 0.30.0-10-gfe55d96785 to
                  | 0.30.0-12-gd5a94ecb5d
  8806 | D:10     | Noticed a two-headed ogre
  8812 | D:10     | XOM: enchant monster (bad)
  8820 | D:10     | XOM: confusion
  8823 | D:10     | Slain by a vampire

Illustrated notes

Levels and vault maps discovered:
D:1:      wheals_arrival_linesprint, layout_basic, serial_forest,
          infiniplex_forest_lined_corner, infiniplex_forest_straight_2,
          infiniplex_forest_straight_4, infiniplex_forest_clump_small,
          infiniplex_forest_clump_tiny, infiniplex_forest_clump_tiny,
          infiniplex_forest_lined_4_way, infiniplex_forest_end_1
D:2:      layout_rooms, roderic_lattice_a
D:3:      layout_loops_cross
D:4:      layout_basic, kennysheep_mini, chequers_temple_overflow_minitemple,
          nicolae_overflow_two_pavilions, minmay_diced_spiral
D:5:      layout_rooms, lemuel_tele_altar, temple_statues
D:6:      layout_cave_pools, uniq_crazy_yiuf_cottage, uniq_duvessa, uniq_grinder
D:7:      layout_loops_cross
D:8:      layout_loops_ring, lemuel_round_altar
D:9:      layout_basic, mainiacjoe_overflow_alcove_1, kb_lookout_dungeons_type,
          nicolae_shop_fire_sale [nicolae_sub_dead_trees],
          nicolae_inconvenience_store
D:10:     layout_stronghold, david_orc_3, uniq_erolcha, uniq_harold

Skill      XL: |  1  2  3  4  5  6  7  8  9 10 |
---------------+-------------------------------+-----
Long Blades    | 3 4 5 6 7 |  7.8
Dodging        | 1 2 3 4 |  4.4
Armour         | 2 3 4 5 |  5.1
Fighting       | 4 5 6 |  6.1
Shields        | 1 3 4 |  4.0
Polearms       | 2 4 5 7 8 |  8.0

Action                     |  1- 3 |  4- 6 |  7- 9 | 10-12 || total
---------------------------+-------+-------+-------+-------++-------
  Melee: Falchion          |   136 |    22 |       |       ||   158
         Punch             |     1 |       |     1 |       ||     2
         Spear             |       |    93 |   242 |    99 ||   434
         Kick              |       |    18 |    67 |    39 ||   124
         Headbutt          |       |       |       |     7 ||     7
  Evoke: Piece from Xom's  |       |    11 |    20 |    18 ||    49
         Wand              |       |       |    23 |     6 ||    29
    Use: Scroll            |     6 |     2 |     7 |     7 ||    22
         Potion            |     1 |       |     3 |     2 ||     6
   Stab: Confused          |     1 |       |     1 |       ||     2
         Sleeping          |     1 |       |     2 |       ||     3
         Petrified         |       |     3 |     8 |       ||    11
         Paralysed         |       |     1 |     4 |     4 ||     9
 Armour: Leather armour    |    56 |    22 |    55 |    25 ||   158
         Scale mail        |       |       |       |    42 ||    42
  Dodge: Dodged            |    62 |    45 |   114 |    73 ||   294
  Block: Other             |    21 |    18 |    22 |       ||    61
         Buckler           |       |       |    36 |    76 ||   112
